NWL
SALEM-KEIZER VOLCANOES @ HILLSBORO HOPS
08/31/2099
 
TOP OF THE 1ST
Salem-Keizer Volcanoes batting - Pitching for Hillsboro Hops : RHP Travis Gilliam
Pitching: RHP Travis Gilliam
Batting: RHB Greg Hadley 0-0: Ball
1-0: Called Strike
1-1: Foul Ball, location: 3FF
1-2: Strikes out looking
Batting: RHB Kevin Hamby 0-0: Ball
1-0: Ball
2-0: Ball
3-0: Called Strike
3-1: Base on Balls
Batting: RHB Alejandro Reyes 0-0: Foul Ball, location: 9LDF
0-1: Fly out, F7 (Line Drive, 7, EV 95.6 MPH)
Batting: LHB Aaron Roeske 0-0: Called Strike
0-1: Foul Ball, location: 9LMFF
0-2: Strikes out swinging
Top of the 1st over - 0 runs, 0 hits, 0 errors, 1 left on base; Salem-Keizer 0 - Hillsboro 0
BOTTOM OF THE 1ST
Hillsboro Hops batting - Pitching for Salem-Keizer Volcanoes : RHP Wayne Perry
Pitching: RHP Wayne Perry
Batting: LHB Jeff Wells 0-0: Ground out U3 (Groundball, 34S, EV 86.3 MPH)
Batting: RHB Carlos Baltazar 0-0: Ball
1-0: Called Strike
1-1: Ball
2-1: SINGLE (Groundball, 4M, EV 100.0 MPH) (infield hit)
Batting: RHB Jim Haney 0-0: Ball
1-0: Ball
2-0: Foul Ball, location: 2F
2-1: Foul Ball, location: 2F
2-2: Foul Ball, location: 3F
2-2: 2-RUN HOME RUN (Flyball, 9LD, EV 91.9 MPH), Distance : 354 ft
Batting: SHB Danny Mauricio 0-0: Called Strike
0-1: Foul Ball, location: 23F
0-2: Strikes out looking
Batting: RHB Dave Ruholl 0-0: SINGLE (Line Drive, 8RS, EV 93.1 MPH)
Batting: RHB Jesus Sanchez 0-0: Fielders Choice at 2nd, 6-4 (Groundball, 6, EV 105.0 MPH)
Bottom of the 1st over - 2 runs, 3 hits, 0 errors, 1 left on base; Salem-Keizer 0 - Hillsboro 2
TOP OF THE 2ND
Salem-Keizer Volcanoes batting - Pitching for Hillsboro Hops : RHP Travis Gilliam
Batting: RHB Leonardo Olivera 0-0: Ball
1-0: SINGLE (Line Drive, 8RS, EV 100.6 MPH)
Batting: LHB Dave Carver 0-0: Fly out, F9 (Flyball, 9S, EV 88.1 MPH)
Batting: RHB Taylor Rodriguez 0-0: Called Strike
0-1: Swinging Strike
0-2: Strikes out swinging
Batting: LHB Preston Wholey 0-0: Ball
1-0: Swinging Strike
1-1: Ball
2-1: Foul Ball, location: 2F
2-2: Strikes out swinging
Top of the 2nd over - 0 runs, 1 hit, 0 errors, 1 left on base; Salem-Keizer 0 - Hillsboro 2
BOTTOM OF THE 2ND
Hillsboro Hops batting - Pitching for Salem-Keizer Volcanoes : RHP Wayne Perry
Batting: LHB Tomas Rodriquez 0-0: Called Strike
0-1: Swinging Strike
0-2: Strikes out looking
Batting: RHB Jim Unknown 0-0: Ball
1-0: Foul Ball, location: 2F
1-1: Ball
2-1: Ball
3-1: Base on Balls
Batting: SHB Jim Unknown 0-0: Swinging Strike
0-1: Grounds into double play, 6-4-3 (Groundball, 6, EV 83.8 MPH)
Bottom of the 2nd over - 0 runs, 0 hits, 0 errors, 0 left on base; Salem-Keizer 0 - Hillsboro 2
TOP OF THE 3RD
Salem-Keizer Volcanoes batting - Pitching for Hillsboro Hops : RHP Travis Gilliam
Batting: RHB Justin Wagner 0-0: Ball
1-0: Called Strike
1-1: Ball
2-1: Ground out 5-3 (Groundball, 56, EV 78.1 MPH)
Batting: RHB Greg Hadley 0-0: Ball
1-0: Swinging Strike
1-1: Swinging Strike
1-2: Ball
2-2: Foul Ball, location: 5F
2-2: Strikes out looking
Batting: RHB Kevin Hamby 0-0: Called Strike
0-1: Foul Ball, location: 7LDF
0-2: Ground out 4-3 (Groundball, 4, EV 86.9 MPH)
Top of the 3rd over - 0 runs, 0 hits, 0 errors, 0 left on base; Salem-Keizer 0 - Hillsboro 2
BOTTOM OF THE 3RD
Hillsboro Hops batting - Pitching for Salem-Keizer Volcanoes : RHP Wayne Perry
Batting: LHB Jeff Wells 0-0: Ball
1-0: Foul Ball, location: 7LSF
1-1: Called Strike
1-2: Strikes out swinging
Batting: RHB Carlos Baltazar 0-0: Ball
1-0: Called Strike
1-1: Ball
2-1: Called Strike
2-2: DOUBLE (Line Drive, 9LM, EV 101.3 MPH)
Batting: RHB Jim Haney 0-0: Ball
1-0: Called Strike
1-1: Fly out, F7 (Flyball, 7D, EV 106.3 MPH)
Runner from 2nd tags up, SAFE at 3rd with throw by LF
Batting: SHB Danny Mauricio 0-0: Ball
1-0: Swinging Strike
1-1: Foul Ball, location: 7LSF
1-2: Ball
2-2: Ball
3-2: Foul Ball, location: 2F
3-2: Foul Ball, location: 25F
3-2: Base on Balls
Batting: RHB Dave Ruholl 0-0: Ball
1-0: Ball
2-0: Foul Ball, location: 2F
2-1: Ground out 4-3 (Groundball, 34D, EV 104.4 MPH)
Bottom of the 3rd over - 0 runs, 1 hit, 0 errors, 2 left on base; Salem-Keizer 0 - Hillsboro 2
TOP OF THE 4TH
Salem-Keizer Volcanoes batting - Pitching for Hillsboro Hops : RHP Travis Gilliam
Batting: RHB Alejandro Reyes 0-0: Ball
1-0: Ball
2-0: Swinging Strike
2-1: Called Strike
2-2: Ball
3-2: Strikes out swinging
Batting: LHB Aaron Roeske 0-0: Ball
1-0: Ball
2-0: Ball
3-0: Base on Balls
Batting: RHB Leonardo Olivera 0-0: Ball
1-0: Called Strike
1-1: Ball
2-1: Called Strike
2-2: Ball
3-2: Strikes out looking
Batting: LHB Dave Carver 0-0: Ball
1-0: Ball
2-0: DOUBLE (Groundball, 3D, EV 108.8 MPH)
Aaron Roeske to third
Runner from 3rd tries for Home, SAFE, throw by RF to home
Batting: RHB Taylor Rodriguez 0-0: Ball
1-0: Ground out 5-3 (Groundball, 56S, EV 83.8 MPH)
Top of the 4th over - 1 run, 1 hit, 0 errors, 1 left on base; Salem-Keizer 1 - Hillsboro 2
BOTTOM OF THE 4TH
Hillsboro Hops batting - Pitching for Salem-Keizer Volcanoes : RHP Wayne Perry
Batting: RHB Jesus Sanchez 0-0: Ball
1-0: Swinging Strike
1-1: Swinging Strike
1-2: Strikes out swinging
Batting: LHB Tomas Rodriquez 0-0: Ball
1-0: Called Strike
1-1: Ball
2-1: SINGLE (Groundball, 4D, EV 97.5 MPH)
Batting: RHB Jim Unknown 0-0: Called Strike
0-1: Ball
1-1: Foul Ball, location: 2F
1-2: Ball
2-2: Strikes out swinging
Batting: SHB Jim Unknown 0-0: Ball
1-0: Ball
2-0: Called Strike
2-1: SINGLE (Line Drive, 78S, EV 96.3 MPH)
Tomas Rodriquez to second
Batting: LHB Jeff Wells 0-0: Ball
1-0: Ball
2-0: Foul Ball, location: 3FF
2-1: Foul Ball, location: 7LSF
2-2: Foul Ball, location: 2F
2-2: 3-RUN HOME RUN (Flyball, 9D, EV 106.9 MPH), Distance : 413 ft
Pitching: RHP Alex Cuenca
Batting: RHB Carlos Baltazar 0-0: Called Strike
0-1: SINGLE (Flyball, 8RS, EV 88.1 MPH)
Batting: RHB Jim Haney 0-0: Foul Ball, location: 3FF
0-1: Ball
1-1: Swinging Strike
1-2: Foul Ball, location: 9LDF
1-2: Strikes out swinging
Bottom of the 4th over - 3 runs, 4 hits, 0 errors, 1 left on base; Salem-Keizer 1 - Hillsboro 5
TOP OF THE 5TH
Salem-Keizer Volcanoes batting - Pitching for Hillsboro Hops : RHP Travis Gilliam
Batting: LHB Preston Wholey 0-0: Ball
1-0: Foul Ball, location: 5DF
1-1: Foul Ball, location: 7LSF
1-2: Ball
2-2: Ball
3-2: Foul Ball, location: 2F
3-2: Strikes out swinging
Batting: RHB Justin Wagner 0-0: Ball
1-0: Called Strike
1-1: Swinging Strike
1-2: SINGLE (Flyball, 9S, EV 86.3 MPH)
Batting: RHB Greg Hadley 0-0: Foul Ball, location: 9LSF
0-1: Ball
1-1: Fielders Choice at 2nd, 3-6 (Groundball, 34S, EV 81.3 MPH)
Batting: RHB Kevin Hamby 0-0: Ball
1-0: Foul Ball, location: 9LDF
1-1: Swinging Strike
1-2: Ball
2-2: Ball
3-2: Ground out 5-3 (Groundball, 5S, EV 77.5 MPH)
Top of the 5th over - 0 runs, 1 hit, 0 errors, 1 left on base; Salem-Keizer 1 - Hillsboro 5
BOTTOM OF THE 5TH
Hillsboro Hops batting - Pitching for Salem-Keizer Volcanoes : RHP Alex Cuenca
Batting: SHB Danny Mauricio 0-0: Foul Ball, location: 3FF
0-1: Foul Ball, location: 2F
0-2: Strikes out swinging
Batting: RHB Dave Ruholl 0-0: Called Strike
0-1: Ball
1-1: Called Strike
1-2: Ball
2-2: Strikes out swinging
Batting: RHB Jesus Sanchez 0-0: Foul Ball, location: 7LMF
0-1: Ball
1-1: SINGLE (Groundball, 4MD, EV 95.6 MPH)
Batting: LHB Tomas Rodriquez 0-0: Ball
1-0: Called Strike
1-1: Ground out 5-3 (Groundball, 56S, EV 84.4 MPH)
Bottom of the 5th over - 0 runs, 1 hit, 0 errors, 1 left on base; Salem-Keizer 1 - Hillsboro 5
TOP OF THE 6TH
Salem-Keizer Volcanoes batting - Pitching for Hillsboro Hops : RHP Travis Gilliam
Batting: RHB Alejandro Reyes 0-0: Ball
1-0: Ball
2-0: Foul Ball, location: 23F
2-1: Swinging Strike
2-2: Ball
3-2: Strikes out swinging
Batting: LHB Aaron Roeske 0-0: Ball
1-0: Called Strike
1-1: Reached on error, E6 (Groundball, 6, EV 100.6 MPH)
Pitching: RHP Jim Unknown
Batting: RHB Leonardo Olivera 0-0: Called Strike
Aaron Roeske steals 2nd base
0-1: Ball
1-1: Foul Ball, location: 2F
1-2: Ball
2-2: Strikes out looking
Batting: LHB Dave Carver 0-0: Called Strike
0-1: Ball
1-1: Ball
2-1: Called Strike
2-2: Ball
3-2: Fly out, F8 (Flyball, 8RM, EV 76.9 MPH)
Top of the 6th over - 0 runs, 0 hits, 1 error, 1 left on base; Salem-Keizer 1 - Hillsboro 5
BOTTOM OF THE 6TH
Hillsboro Hops batting - Pitching for Salem-Keizer Volcanoes : RHP Alex Cuenca
Batting: RHB Jim Unknown 0-0: Ball
1-0: Foul Ball, location: 9LMFF
1-1: Swinging Strike
1-2: Ground out U3 (Groundball, 3S, EV 81.3 MPH)
Batting: SHB Jim Unknown 0-0: Called Strike
0-1: Foul Ball, location: 2RF
0-2: Foul Ball, location: 9LSF
0-2: Ball
1-2: Ball
2-2: Strikes out swinging
Batting: LHB Jeff Wells 0-0: Ball
1-0: Ground out 1-3 (Groundball, 34S, EV 66.3 MPH)
Bottom of the 6th over - 0 runs, 0 hits, 0 errors, 0 left on base; Salem-Keizer 1 - Hillsboro 5
TOP OF THE 7TH
Salem-Keizer Volcanoes batting - Pitching for Hillsboro Hops : RHP Jim Unknown
Batting: RHB Taylor Rodriguez 0-0: Swinging Strike
0-1: Foul Ball, location: 2F
0-2: Strikes out swinging
Batting: LHB Preston Wholey 0-0: Ball
1-0: Called Strike
1-1: Ball
2-1: Ball
3-1: Base on Balls
Batting: RHB Justin Wagner 0-0: Ball
1-0: Called Strike
1-1: Ball
2-1: Foul Ball, location: 7LSFF
2-2: Ball
3-2: Strikes out looking
Batting: RHB Greg Hadley 0-0: Hit by Pitch
Preston Wholey to second
Batting: RHB Kevin Hamby 0-0: Swinging Strike
0-1: Fielders Choice at 2nd, 6-4 (Groundball, 56, EV 86.9 MPH)
Top of the 7th over - 0 runs, 0 hits, 0 errors, 2 left on base; Salem-Keizer 1 - Hillsboro 5
BOTTOM OF THE 7TH
Hillsboro Hops batting - Pitching for Salem-Keizer Volcanoes : RHP Alex Cuenca
Pitching: RHP Bill Bilton
Batting: RHB Carlos Baltazar 0-0: Called Strike
0-1: Ball
1-1: Foul Ball, location: 23F
1-2: Foul Ball, location: 23FF
1-2: Ground out 6-3 (Groundball, 6, EV 106.3 MPH)
Batting: RHB Jim Haney 0-0: Ball
1-0: Swinging Strike
1-1: Ball
2-1: Fly out, F9 (Flyball, 89M, EV 93.1 MPH)
Batting: SHB Danny Mauricio 0-0: Swinging Strike
0-1: Foul Ball, location: 9LSFF
0-2: Foul Ball, location: 7LMFF
0-2: Ball
1-2: Hit by Pitch
Batting: RHB Dave Ruholl 0-0: Foul Ball, location: 3F
0-1: Fielders Choice at 2nd, 5-4 (Groundball, 5, EV 80.6 MPH)
Bottom of the 7th over - 0 runs, 0 hits, 0 errors, 1 left on base; Salem-Keizer 1 - Hillsboro 5
TOP OF THE 8TH
Salem-Keizer Volcanoes batting - Pitching for Hillsboro Hops : RHP Jim Unknown
Pitching: LHP Jim Unknown
Batting: RHB Alejandro Reyes 0-0: Ground out 4-3 (Groundball, 4, EV 101.3 MPH)
Batting: LHB Aaron Roeske 0-0: Called Strike
0-1: Ball
1-1: Called Strike
1-2: Ball
2-2: Ball
3-2: Foul Ball, location: 3SF
3-2: Base on Balls
Batting: RHB Leonardo Olivera 0-0: Hit by Pitch
Aaron Roeske to second
Batting: LHB Dave Carver 0-0: Called Strike
0-1: Fly out, F8 (Flyball, 89M, EV 86.3 MPH)
Batting: RHB Taylor Rodriguez 0-0: Swinging Strike
0-1: Called Strike
0-2: Foul Ball, location: 2F
0-2: SINGLE (Line Drive, 89M, EV 91.9 MPH)
Aaron Roeske to third
Leonardo Olivera to second
Runner from 3rd tries for Home, SAFE, throw by RF to home
Batting: LHB Preston Wholey 0-0: Foul Ball, location: 25F
0-1: Ball
1-1: Ball
2-1: SINGLE (Groundball, 25, EV 68.1 MPH) (infield hit)
Leonardo Olivera to third
Taylor Rodriguez to second
Batting: RHB Justin Wagner 0-0: Fly out, F8 (Flyball, 8LM, EV 90.0 MPH)
Top of the 8th over - 1 run, 2 hits, 0 errors, 3 left on base; Salem-Keizer 2 - Hillsboro 5
BOTTOM OF THE 8TH
Hillsboro Hops batting - Pitching for Salem-Keizer Volcanoes : RHP Bill Bilton
Batting: RHB Jesus Sanchez 0-0: Swinging Strike
0-1: Ball
1-1: Called Strike
1-2: Strikes out swinging
Batting: LHB Tomas Rodriquez 0-0: Swinging Strike
0-1: Called Strike
0-2: Ball
1-2: Strikes out swinging
Batting: RHB Jim Unknown 0-0: DOUBLE (Line Drive, 9LS, EV 100.6 MPH)
Batting: SHB Jim Unknown 0-0: Fly out, F9 (Flyball, 9S, EV 85.0 MPH)
Bottom of the 8th over - 0 runs, 1 hit, 0 errors, 1 left on base; Salem-Keizer 2 - Hillsboro 5
TOP OF THE 9TH
Salem-Keizer Volcanoes batting - Pitching for Hillsboro Hops : LHP Jim Unknown
Batting: RHB Greg Hadley 0-0: Foul Ball, location: 2F
0-1: Called Strike
0-2: Strikes out looking
Batting: RHB Kevin Hamby 0-0: Called Strike
0-1: Swinging Strike
0-2: Ball
1-2: Foul Ball, location: 2F
1-2: Ball
2-2: Ball
3-2: Ground out 6-3 (Groundball, 6M, EV 103.1 MPH)
Batting: RHB Alejandro Reyes 0-0: Ball
1-0: Ball
2-0: Ground out 5-3 (Groundball, 5L, EV 80.6 MPH)
Top of the 9th over - 0 runs, 0 hits, 0 errors, 0 left on base; Salem-Keizer 2 - Hillsboro 5
Monday, May 13th , 2024 - OOTP Baseball 24.11 Build 85